 Dungeon Crawl Stone Soup version 0.28-a0-991-g956f0ee3d5 (webtiles) character file.

Game seed: 13575511561689425205

1918 Hipnos the Covert (level 8, -1/40 HPs)
             Began as a Spriggan Brigand on Dec 4, 2021.
             Was an Initiate of Gozag.
             Slain by a wyvern zombie (10 damage)
             ... on level 6 of the Dungeon.
             The game lasted 00:16:30 (6120 turns).

Hipnos the Covert (Spriggan Brigand)                Turns: 6120, Time: 00:16:30

Health: -1/40      AC:  3    Str:  7    XL:     8   Next: 95%
Magic:  9/9        EV: 20    Int: 12    God:    Gozag
Gold:   757        SH:  6    Dex: 19    Spells: 5/7 levels left

rFire   . . .      SeeInvis +   i - +0 dagger (venom)
rCold   + . .      Faith    .   y - +0 buckler of the Tomato {rC+ rN+ Will+}
rNeg    + + .      Spirit   .   b - +0 robe
rPois   .          Reflect  .   (helmet restricted)
rElec   .          Harm     .   c - +0 cloak
rCorr   .          Rampage  .   (gloves unavailable)
Will    ++...                   (boots unavailable)
Stlth   +++++.....              q - amulet of regeneration
HPRegen 0.93/turn               j - ring of positive energy
MPRegen 0.11/turn               (no ring)

@: very quick
A: very small, no large weapons, unfitting armour, see invisible, speed 3
a: Renounce Religion, Potion Petition, Call Merchant, Bribe Branch


You were on level 6 of the Dungeon.
You worshipped Gozag.
Gozag was pleased with you.
You visited 1 branch of the dungeon, and saw 6 of its levels.

You collected 911 gold pieces.
You spent 154 gold pieces at shops.

Inventory:

Hand Weapons
 a - a +2 dagger
 e - a +0 short sword
 i - a +0 dagger of venom (weapon)
Missiles
 d - 12 poisoned darts (quivered)
 g - 2 curare-tipped darts
Armour
 b - a +0 robe (worn)
 c - a +0 cloak (worn)
 y - the +0 buckler of the Tomato (worn) {rC+ rN+ Will+}
   (You found it on level 5 of the Dungeon)

   rC:        It protects you from cold.
   rN:        It protects you from negative energy.
   Will:      It increases your willpower.
Magical Staves
 x - a staff of death
 B - a staff of poison
Jewellery
 j - a ring of positive energy (left hand)
 q - an amulet of regeneration (around neck)
Wands
 l - a wand of flame (28)
 u - a wand of digging (6)
 w - a wand of paralysis (9)
Scrolls
 f - 11 scrolls of identify {unknown}
 h - 3 scrolls of immolation {unknown}
 n - a scroll of enchant armour {unknown}
 v - a scroll of noise {unknown}
 D - a scroll of summoning {unknown}
Potions
 k - 2 potions of haste {unknown}
 m - 2 potions of brilliance {unknown}
 o - a potion of degeneration {unknown}
 p - 2 potions of cancellation {unknown}
 r - 2 potions of mutation {unknown}
 s - a potion of lignification {unknown}
 t - a potion of attraction {unknown}
 z - a potion of berserk rage {unknown}
 A - a potion of might {unknown}
 C - a potion of heal wounds


   Skills:
 + Level 3.1 Fighting
 + Level 5.4 Short Blades
 + Level 7.1 Throwing
 + Level 6.2 Dodging
 * Level 10.6 Stealth
 + Level 0.2 Shields
 + Level 1.2 Evocations


You had 5 spell levels left.
You knew the following spells:

 Your Spells              Type           Power      Damage    Failure   Level
a - Ensorcelled Hibernat  Hex/Ice        0%         N/A       63%         2

Your spell library contained the following spells:

 Spells                   Type           Power      Damage    Failure   Level
 Magic Dart               Conj           0%         1d3       47%         1
 Portal Projectile        Hex/Tloc       0%         N/A       85%         3
 Tukima's Dance           Hex            0%         N/A       85%         3
 Blade Hands              Tmut           0%         N/A       100%        5
 Excruciating Wounds      Necr           0%         N/A       100%        5


Dungeon Overview and Level Annotations

Branches:
Dungeon (6/15)
 Temple: D:4-7

Altars:
Ashenzari
Gozag
Uskayaw
Yredelemnul

Shops:
D:4 :

Annotations:
D:4 3 runed translucent doors, Sapher's ghost, weakling DjDe


Innate Abilities, Weirdness & Mutations

You are very small and have problems with some larger weapons.
You are too small for most types of armour.
You have supernaturally acute eyesight. (SInv)
You cover ground extremely quickly. (Speed+++)


Message History

The wyvern zombie misses you.
You hit the wyvern zombie but do no damage.
The wyvern zombie is moderately damaged.
You block the wyvern zombie's attack.
You barely miss the wyvern zombie.
The wyvern zombie is moderately damaged.
You block the wyvern zombie's attack.
You hit the wyvern zombie but do no damage.
The wyvern zombie is moderately damaged.
The wyvern zombie closely misses you.
You hit the wyvern zombie but do no damage.
The wyvern zombie is moderately damaged.
The wyvern zombie completely misses you.
You hit the wyvern zombie.
The wyvern zombie is moderately damaged.
The wyvern zombie bites you!
You hit the wyvern zombie.
The wyvern zombie is moderately damaged.
The wyvern zombie bites you!
You hit the wyvern zombie but do no damage.
The wyvern zombie is moderately damaged.
The wyvern zombie barely misses you.
You barely miss the wyvern zombie.
The wyvern zombie is moderately damaged.
The wyvern zombie bites you!
* * * LOW HITPOINT WARNING * * *
You hit the wyvern zombie.
The wyvern zombie is moderately damaged.
The wyvern zombie closely misses you.
You hit the wyvern zombie but do no damage.
The wyvern zombie is moderately damaged.
The wyvern zombie closely misses you. You block the wyvern zombie's attack.
You hit the wyvern zombie but do no damage.
The wyvern zombie is moderately damaged.
The wyvern zombie closely misses you.
You hit the wyvern zombie.
The wyvern zombie is moderately damaged.
The wyvern zombie bites you!
You die...
Your body crumbles into a pile of gold.

......### #......# #######
#.....## ###########.....#####
#...................#
#.......####'#....#.#
#.................#.#
##....^..##.#......#.#
##............#.##.#.############
######.#.......Z@................
# ####.#.####.######.############
# #....#.#...........# #
#.####.#.(..######## ##### #.#
#.######.#############))). #.#
#......#...............### #.#
######.#.############### #.#
#.#....# #.# #.####.#


You could see a wyvern zombie.

Vanquished Creatures
  Pikel (D:5)
  Menkaure (D:5)
  Edmund (D:5)
  An orc warrior (D:6)
  2 necrophages
  A phantom (D:6)
  A kobold brigand (D:6)
  A water moccasin zombie (D:5)
  A scorpion (D:5)
  A wight (D:6)
  A centaur zombie (D:5)
  5 hounds
  A bullfrog zombie (D:5)
  An orc priest (D:6)
  2 bullfrog skeletons (D:5)
  2 iguanas
  A centaur skeleton (D:6)
  2 orc wizards
  A killer bee zombie (D:5)
  A hound zombie (D:5)
  A hound skeleton (D:4)
  A gnoll (D:6)
  6 adders
  A shadow imp (D:5)
  A white imp (D:5)
  2 ufetubi
  3 worms
  2 dart slugs
  9 orcs
  7 bats
  8 endoplasms
  4 giant cockroaches
  7 hobgoblins
  6 kobolds
  5 quokkas
  5 ball pythons
  5 frilled lizards
  7 goblins
  A quokka skeleton (D:4)
  8 rats
117 creatures vanquished.

Vanquished Creatures (others)
  A fungus (D:1)
1 creature vanquished.

Grand Total: 118 creatures vanquished

Notes
Turn   | Place    | Note
-------+----------+-------------------------------------------
     0 | D:1      | Hipnos the Spriggan Brigand began the quest for the Orb.
     0 | D:1      | Reached XP level 1. HP: 10/10 MP: 2/2
    73 | D:1      | Reached skill level 6 in Stealth
   516 | D:1      | Reached XP level 2. HP: 14/14 MP: 3/3
   648 | D:1      | Found a faded altar of an unknown god.
   653 | D:1      | Got Plato's Papyrus of Attacks
   673 | D:1      | Prayed at the altar of an unknown god.
   673 | D:1      | Became a worshipper of Gozag Ym Sagoz the Greedy
   781 | D:1      | Reached skill level 7 in Stealth
  1036 | D:2      | Reached XP level 3. HP: 18/18 MP: 4/4
  2011 | D:3      | Reached XP level 4. HP: 10/23 MP: 5/5
  2510 | D:3      | Found a broken altar of Ashenzari.
  2510 | D:3      | Found a hide-covered altar of Uskayaw.
  2949 | D:4      | Found Oxteill's Book Emporium.
  2998 | D:4      | Bought a book of Maledictions for 154 gold pieces
  3001 | D:4      | Learned a level 2 spell: Ensorcelled Hibernation
  3282 | D:4      | Reached XP level 5. HP: 26/26 MP: 6/6
  3491 | D:4      | Found a runed translucent gate.
  3492 | D:4      | Found a runed translucent gate.
  3493 | D:4      | Found a runed translucent gate.
  3506 | D:4      | Noticed a necrophage
  3533 | D:4      | Noticed Sapher's ghost (weakling DjDe)
  3795 | D:4      | Killed a necrophage
  3796 | D:4      | Reached skill level 8 in Stealth
  3796 | D:4      | Reached XP level 6. HP: 23/30 MP: 7/7
  3981 | D:5      | Entered Level 5 of the Dungeon
  3997 | D:5      | Noticed Pikel
  4036 | D:5      | Killed Pikel
  4037 | D:5      | Reached skill level 9 in Stealth
  4037 | D:5      | Reached XP level 7. HP: 35/35 MP: 8/8
  4330 | D:5      | Noticed Menkaure
  4517 | D:5      | Killed Menkaure
  4518 | D:5      | Reached XP level 8. HP: 24/39 MP: 9/9
  4813 | D:5      | Noticed Edmund
  4835 | D:5      | Killed Edmund
  4836 | D:5      | Reached skill level 5 in Dodging
  4836 | D:5      | Reached skill level 10 in Stealth
  5050 | D:5      | Found a basalt altar of Yredelemnul.
  5149 | D:5      | Identified the +0 buckler of the Tomato {rC+ rN+ Will+}
  5459 | D:6      | Reached skill level 5 in Short Blades
  5808 | D:6      | Reached skill level 1 in Evocations
  6120 | D:6      | Slain by a wyvern zombie

Illustrated notes

Levels and vault maps discovered:
D:1:      dpeg_arrival_stone_temple_mockup, layout_basic,
          shapermc_ecumenical_altar_rom_forum
D:2:      layout_loops_ring, chequers_serial_rivers_small_b,
          serial_bayou_crossing
D:3:      layout_loops_ring, chequers_temple_overflow_statue_of_worship
D:4:      layout_cave_pods, gammafunk_ghost_necromancy, serial_shops,
          nicolae_shop_stone, minmay_misc_feat_square
D:5:      layout_basic, nicolae_yredelemnul_corpse_copse, hangedman_decor_push,
          serial_park_tiny_1, minivault_27, uniq_edmund, uniq_menkaure,
          uniq_pikel
D:6:      layout_basic, minmay_diced_spiral

Skill      XL: |  1  2  3  4  5  6  7  8 |
---------------+-------------------------+-----
Stealth        | 6 7 8 9 10 | 10.6
Throwing       | 3 4 6 7 |  7.1
Dodging        | 2 3 4 6 |  6.2
Fighting       | 2 3 |  3.1
Short Blades   | 3 5 |  5.4
Evocations     | 1 |  1.2
Shields        | |  0.2

Action                   |  1- 3 |  4- 6 |  7- 9 || total
-------------------------+-------+-------+-------++-------
Melee: Dagger            |    89 |   100 |   470 ||   659
Throw: Dart              |    77 |   132 |    56 ||   265
Evoke: Wand              |       |       |    22 ||    22
 Stab: Sleeping          |    10 |     4 |     2 ||    16
       Distracted        |       |     2 |       ||     2
Armor: Robe              |    19 |     8 |    44 ||    71
Dodge: Dodged            |    70 |    71 |   336 ||   477
Block: Buckler           |       |       |    25 ||    25

Table legend: (Time is in decaauts)
 A = Elapsed time spent in this place.
 B = Non-inter-level travel time spent in this place.
 C = Inter-level travel time spent in this place.
 D = Time resting spent in this place.
 E = Time spent auto-exploring this place.
 F = Levels seen in this place.
 G = Mean time per level.
                   A        B        C        D        E       F      G
               +--------+--------+--------+--------+--------+-----+--------+
         Total |   4372 |   4301 |     71 |      0 |   2936 |   6 |  728.7 |
       Dungeon |   4372 |   4301 |     71 |      0 |   2936 |   6 |  728.7 |
               +--------+--------+--------+--------+--------+-----+--------+

Top non-repeatable levels by time:
     D:1: 829 daAuts
     D:5: 753 daAuts
     D:3: 744 daAuts
     D:6: 727 daAuts
     D:4: 705 daAuts
     D:2: 611 daAuts
